 Dungeon Crawl Stone Soup version 0.31.0-11-ge490571c62 (webtiles) character file.

Game seed: 11146198240844123323

3854 Xavori the Slasher (level 10, -5/63 HPs)
             Began as a Djinni Chaos Knight on Jan 27, 2024.
             Was a Plaything of Xom.
             Killed from afar by a gargoyle (25 damage)
             ... with a stone arrow
             ... on level 7 of the Dungeon.
             The game lasted 00:09:59 (11263 turns).

Xavori the Slasher (Djinni Chaos Knight)           Turns: 11263, Time: 00:10:00

Health: -5/63      AC:  8    Str: 15    XL:     10   Next: 41%
Gold:   35         EV: 16    Int: 14    God:    Xom [..*...] SH:  5 Dex: 21

rFire   + + .        a - +0 falchion (chaos)
rCold   x . .        (no shield)
rNeg    . . .        z - +0 troll leather armour {Pargi}
rPois   ∞            l - +1 helmet
rElec   .            (no cloak)
rCorr   .            (no gloves)
SInv    +            (boots unavailable)
Will    +....        C - amulet "Jaxoh" {Reflect +Inv SH+5 SInv}
Stlth   +++          n - +6 ring of dexterity
HPRegen 1.10/turn    (no ring)
MPRegen 0.00/turn

%: random rage (3%), reflection, infuse magic (-6 HP)
@: flying
A: sickness immunity, fire resistance 2, cold vulnerability 1, float, innate
caster, HP casting, extra vitality 1, iridescent scales 1, thin skeletal
structure 1, berserk 1, clumsy 1, frail 1, mutation resistance 1, screaming 1,
strong 1
a: Renounce Religion, Evoke Invisibility


You were on level 7 of the Dungeon.
You worshipped Xom.
You were a toy of Xom.
You visited 1 branch of the dungeon, and saw 7 of its levels.
You also visited: Sewer.

You collected 435 gold pieces.
You spent 400 gold pieces at shops.

Inventory:

Hand Weapons
 a - a +0 falchion of chaos (weapon)
Armour
 b - a +2 leather armour
 l - a +1 helmet (worn)
 z - a +0 troll leather armour (worn) {Pargi}
Jewellery
 n - a +6 ring of dexterity (left hand)
 s - an amulet of regeneration
 A - a ring of fire
 C - the amulet "Jaxoh" (around neck) {Reflect +Inv SH+5 SInv}
   (You bought it in a shop on level 6 of the Dungeon)

   [amulet of reflection]

   Reflect:   It reflects blocked missile attacks.
   SInv:      It lets you see invisible.
   +Inv:      It lets you turn invisible.
   SH+5:      It affects your SH (+5).
 F - the ring of Happiness {^Contam rPois rN+ MP+9 Dex+4}
   (You found it on level 7 of the Dungeon)

   [ring of magical power]

   Dex+4:     It affects your dexterity (+4).
   rPois:     It protects you from poison rN+: It protects you from negative
   energy.
   MP+9:      It affects your magic capacity (+9).
   ^Contam:   It causes magical contamination when unequipped.
Wands
 m - a wand of flame (50)
 B - a wand of charming (12)
Scrolls
 c - a scroll of butterflies
 e - 4 scrolls of identify
 f - a scroll of summoning
 g - 4 scrolls of fear
 i - 3 scrolls of enchant weapon
 j - a scroll of enchant armour {unknown}
 k - a scroll of blinking {unknown}
 o - 4 scrolls of teleportation
 u - 2 scrolls of vulnerability {unknown}
 y - 3 scrolls of fog {unknown}
Potions
 d - 2 potions of cancellation {unknown}
 h - 3 potions of brilliance
 p - 4 potions of curing
 q - a potion of attraction {unknown}
 r - 8 potions of heal wounds
 t - a potion of haste {unknown}
 v - a potion of invisibility {unknown}
 w - 3 potions of lignification {unknown}
 x - 2 potions of magic {unknown}
 D - a potion of resistance
 E - a potion of degeneration


   Skills:
 + Level 5.4 Fighting
 + Level 7.9 Long Blades
 * Level 6.7 Armour
 + Level 6.4 Dodging
 + Level 1.1 Shields
 * Level 3.8 Spellcasting
 * Level 3.8 Conjurations
 * Level 3.8 Hexes
 * Level 3.8 Summonings
 * Level 3.8 Necromancy
 * Level 3.8 Translocations
 * Level 3.8 Fire Magic
 * Level 3.8 Ice Magic
 * Level 3.8 Air Magic
 * Level 3.8 Earth Magic
 * Level 3.8 Alchemy
 * Level 3.5 Evocations


You knew the following spells:

 Your Spells              Type           Power      Damage    Failure   Level
a - Shock                 Conj/Air       52%        1d6       4%          1
b - Static Discharge      Conj/Air       26%        3-5/arc   8%          2
c - Mephitic Cloud        Conj/Alch/Air  13%        N/A       14%         3
d - Vampiric Draining     Necr           13%        2d6       14%         3
Your spell library was empty.

Dungeon Overview and Level Annotations

Branches:
Dungeon (7/15)              Sewer (visited)
 Temple: D:4-7

Altars:
Elyvilon
Nemelex Xobeh

Shops:
D:6 (*!!


Innate Abilities, Weirdness & Mutations

You are immune to sickness and miasma.
You are immune to poison.
Your flesh is very heat resistant. (rF++)
You are vulnerable to cold. (rC-)
You float through the air rather than walking.
You learn spells naturally, not from books.
Your magical power is your life essence.
You have superior vitality. (+4 MHP)
You are partially covered in iridescent scales. (AC +2)
You have a somewhat thin skeletal structure. (Dex +2, Stealth+)
You sometimes lose your temper in combat.
You are clumsy. (Dex -2)
You are frail. (-10% HP)
You are somewhat resistant to further mutation.
You occasionally shout uncontrollably at your foes.
Your muscles are strong. (Str +4, Int/Dex -1)


Message History

You hit the gargoyle but do no damage.
The gargoyle is severely damaged.
The gargoyle hurls a stone arrow at you.
The stone arrow hits you!
You hit the gargoyle but do no damage.
The your falchion of chaos misses the gargoyle.
The gargoyle is severely damaged.
You block the gargoyle's attack.
You hit the gargoyle but do no damage.
The gargoyle seems to grow stronger.
The gargoyle is severely damaged.
You hit the gargoyle but do no damage.
The gargoyle appears confused.
The gargoyle is severely damaged.
Items here: )))) [.
You hit the gargoyle. You freeze the gargoyle.
The gargoyle is almost destroyed.
You hit the gargoyle but do no damage.
The gargoyle is almost destroyed.
The gargoyle hits you with a +0 flail!
You catch the helpless gargoyle completely off-guard!
You hit the gargoyle but do no damage.
The gargoyle is almost destroyed.
The gargoyle misses you.
You hit the gargoyle.
The gargoyle blinks!
The gargoyle is almost destroyed.
The gargoyle seems less confused.
Things that are here:
a +0 hand axe; an orc skeleton
Casting: Shock (safe; 4% risk of failure)
Confirm with . or Enter, or press ? or * to list all spells.
Aiming: Shock (safe; 4% risk of failure)
Press: ? - help, Shift-Dir - straight line, f/p - gargoyle
Aim: a gargoyle, wielding a +0 flail (almost destroyed, strong, 85% to hit)
The zap hits the gargoyle.
The gargoyle completely resists.
The gargoyle is almost destroyed.
Xom's power touches on your mind for a moment.
The gargoyle hurls a stone arrow at you.
The stone arrow hits you!!
The gargoyle hurls a stone arrow at you.
The stone arrow hits you!!
You die...

#.......##..#.#..##...#
##.........##.#.#)##....#
#+###....##*#...###+###....##
..........###...........#.##
..........##.....#.....##.#
#.........#.....##.......#
#..........##........#####
##<.........#####.....#
......####..# #§@.....#
#.....# #.###[#9...##
##....## #..##.##..>.#
###...# ##......#.....#
#.?.(###............##
###..###...###.....###
##...##....## #......#
#..<....[.## ##...###
##..#..##.# ####


You could see a gargoyle (strong).

Vanquished Creatures
  A two-headed ogre (D:7)
  An ugly thing (D:7)
  Grinder (D:3)
  A slime creature (D:7)
  Sigmund (D:1)
  A wyvern (D:7)
  Duvessa (D:6)
  An ice beast (D:7)
  Pargi (Sewer)
  2 ogres
  2 phantoms
  A centaur (D:7)
  3 bullfrogs
  3 scorpions
  Dowan (D:6)
  2 howler monkeys
  2 bombardier beetles
  A jelly (D:7)
  2 hounds
  4 orc priests
  2 sleepcaps
  Jessica (D:3)
  5 iguanas
  4 orc wizards
  6 gnolls
  5 adders
  2 river rats
  A shadow imp (D:7)
  2 white imps (D:6)
  3 dart slugs (D:1)
  A ribbon worm (D:4)
  28 orcs
  5 ball pythons
  7 endoplasms
  3 giant cockroaches
  2 goblins
  7 hobgoblins
  6 jackals
  5 kobolds
  2 quokkas
  7 bats
  A frilled lizard (D:1)
  9 rats
146 creatures vanquished.

Vanquished Creatures (collateral kills)
  A wraith (D:7)
  A scorpion (D:6)
2 creatures vanquished.

Vanquished Creatures (others)
  A butterfly (D:5)
1 creature vanquished.

Grand Total: 149 creatures vanquished

Notes
Turn   | Place    | Note
-------+----------+-------------------------------------------
     0 | D:1      | Xavori the Djinni Chaos Knight began the quest for the Orb.
     0 | D:1      | Reached XP level 1. HP: 20/20 MP: 0/0
   277 | D:1      | Reached XP level 2. HP: 25/25 MP: 0/0
   529 | D:1      | XOM: silly message
   531 | D:1      | XOM: scenery: 1 doors open
   805 | D:1      | XOM: god gift: 45 gold pieces
   816 | D:2      | Reached skill level 3 in Long Blades
   819 | D:2      | Reached XP level 3. HP: 30/30 MP: 0/0
   819 | D:2      | Learned a level 1 spell: Shock
  1475 | D:1      | XOM: god gift: scroll labelled KYDONWEOFOW {god gift}
  1611 | D:1      | XOM: stat loss: -1 Dex (13/14)
  1828 | D:1      | XOM: silly message
  2380 | D:1      | XOM: silly message
  2395 | D:1      | XOM: give mutations
  2395 | D:1      | Gained mutation: You are frail. (-10% HP) [Xom's mischief]
  2395 | D:1      | Gained mutation: You sometimes lose your temper in combat.
                  | [Xom's mischief]
  2395 | D:1      | Gained mutation: You are clumsy. (Dex -2) [Xom's mischief]
  2395 | D:1      | Gained mutation: You have hidden genetic potential. [Xom's
                  | mischief]
  3207 | D:1      | XOM: give mutations
  3207 | D:1      | Gained mutation: You are dopey. (Int -2) [Xom's mischief]
  3207 | D:1      | Gained mutation: Your muscles are strong. (Str +4, Int/Dex
                  | -1) [Xom's mischief]
  3685 | D:1      | XOM is BORED!
  3685 | D:1      | XOM: torment (15/27 hp)
  3724 | D:1      | XOM: god gift: silver wand {god gift}
  4688 | D:1      | XOM: noise
  4883 | D:1      | XOM: cloud trail
  5688 | D:1      | XOM: 2-stop teleportation journey
  6054 | D:1      | XOM: give mutations
  6054 | D:1      | Gained mutation: Armour fits poorly on your strangely
                  | shaped body. [Xom's mischief]
  6054 | D:1      | Lost mutation: You are dopey. (Int -2) [Xom's mischief]
  6054 | D:1      | Lost mutation: Armour fits poorly on your strangely shaped
                  | body. [Xom's mischief]
  6119 | D:1      | XOM: give mutation
  6119 | D:1      | Gained mutation: You occasionally shout uncontrollably at
                  | your foes. [Xom's mischief]
  6468 | D:1      | XOM: scenery: summon butterflies
  7427 | D:1      | XOM: give mutations
  7427 | D:1      | Gained mutation: You are partially covered in iridescent
                  | scales. (AC +2) [Xom's grace]
  7427 | D:1      | Lost mutation: You have hidden genetic potential. [Xom's
                  | grace]
  7427 | D:1      | Gained mutation: You are somewhat resistant to further
                  | mutation. [Xom's grace]
  7435 | D:2      | Noticed Sigmund
  7435 | D:2      | XOM: swap monsters
  7465 | D:2      | XOM: confuse monster(s)
  7476 | D:2      | XOM: blink monster(s)
  7492 | D:1      | XOM: give mutation
  7492 | D:1      | Gained mutation: You have a somewhat thin skeletal
                  | structure. (Dex +2, Stealth+) [Xom's grace]
  7515 | D:1      | Reached XP level 4. HP: 31/31 MP: 0/0
  7529 | D:1      | Killed Sigmund
  7530 | D:1      | Reached skill level 1 in Spellcasting
  7530 | D:1      | Reached skill level 1 in Conjurations
  7530 | D:1      | Reached skill level 1 in Hexes
  7530 | D:1      | Reached skill level 1 in Summonings
  7530 | D:1      | Reached skill level 1 in Necromancy
  7530 | D:1      | Reached skill level 1 in Translocations
  7530 | D:1      | Reached skill level 1 in Fire Magic
  7530 | D:1      | Reached skill level 1 in Ice Magic
  7530 | D:1      | Reached skill level 1 in Air Magic
  7530 | D:1      | Reached skill level 1 in Earth Magic
  7530 | D:1      | Reached skill level 1 in Alchemy
  7530 | D:1      | Reached XP level 5. HP: 36/36 MP: 0/0
  7530 | D:1      | Learned a level 2 spell: Static Discharge
  7530 | D:1      | Reached XP level 6. HP: 41/41 MP: 0/0
  8254 | D:3      | Noticed Jessica
  8268 | D:3      | Killed Jessica
  8488 | D:3      | Noticed Grinder
  8489 | D:3      | XOM: cleaving
  8500 | D:3      | Paralysed by Grinder for 5 turns
  8505 | D:3      | XOM: potion effect (brilliance)
  8519 | D:3      | Killed Grinder
  8520 | D:3      | Reached skill level 4 in Long Blades
  8520 | D:3      | Reached XP level 7. HP: 31/45 MP: 0/0
  8520 | D:3      | Learned a level 3 spell: Mephitic Cloud
  8686 | D:3      | You are sucked into a shaft and drop 1 floor!
  9244 | D:5      | Entered Level 5 of the Dungeon
  9248 | D:5      | XOM: butterfly on damage
  9249 | D:5      | XOM: summons friendly shadow imp
  9285 | D:5      | Reached XP level 8. HP: 42/52 MP: 0/0
  9397 | D:5      | XOM: enchant monster (bad)
  9521 | D:5      | XOM: scenery: 2 doors close
  9557 | D:5      | XOM: fog
  9568 | D:5      | Reached skill level 5 in Long Blades
  9642 | D:5      | Found a white marble altar of Elyvilon.
  9772 | D:5      | XOM: noise
  9798 | D:5      | XOM: silly message
 10022 | D:5      | XOM: noise
 10111 | D:6      | XOM: summons friendly crimson imp
 10127 | D:6      | Reached skill level 5 in Armour
 10158 | D:6      | XOM: confuse monster(s)
 10160 | D:6      | XOM: noise
 10171 | D:6      | Reached skill level 5 in Dodging
 10178 | D:6      | XOM: noise
 10180 | D:6      | XOM: cast spell 'Cause Fear'
 10196 | D:6      | Reached XP level 9. HP: 53/56 MP: 0/0
 10196 | D:6      | Learned a level 3 spell: Vampiric Draining
 10224 | D:6      | Found a glowing drain.
 10228 | Sewer    | Entered a sewer
 10330 | Sewer    | Noticed Pargi
 10342 | Sewer    | Killed Pargi
 10343 | Sewer    | Reached skill level 6 in Long Blades
 10466 | D:6      | XOM: swap monsters
 10609 | D:6      | XOM: polymorph gnoll -> river rat
 10615 | D:6      | Found Miogu's Distillery.
 10616 | D:6      | Found Meamoloh's Assorted Antiques.
 10622 | D:6      | Found Haffeetu's Distillery.
 10622 | D:6      | Found Gimik's Weapon Shoppe.
 10635 | D:6      | Bought a bound garnet amulet for 130 gold pieces
 10635 | D:6      | Identified the amulet "Jaxoh" {Reflect +Inv SH+5 SInv} (You
                  | bought it in a shop on level 6 of the Dungeon)
 10652 | D:6      | Bought a potion of resistance for 150 gold pieces
 10652 | D:6      | Bought a potion of degeneration for 15 gold pieces
 10652 | D:6      | Bought a potion of curing for 45 gold pieces
 10657 | D:6      | Bought a potion of heal wounds for 60 gold pieces
 10685 | D:6      | Noticed Dowan
 10687 | D:6      | Noticed Duvessa
 10694 | D:6      | Killed Dowan
 10702 | D:6      | Killed Duvessa
 10702 | D:6      | XOM: cast spell 'Summon Small Mammal'
 10709 | D:6      | Reached skill level 1 in Evocations
 10741 | D:6      | Found a sparkling altar of Nemelex Xobeh.
 10867 | D:6      | XOM: noise
 10988 | D:7      | Identified the +5 pair of boots "Zomono" {rPois}
 11061 | D:7      | XOM: divination: magic mapping
 11068 | D:7      | Reached skill level 5 in Fighting
 11091 | D:7      | Reached skill level 7 in Long Blades
 11097 | D:7      | Identified the ring of Happiness {^Contam rPois rN+ MP+9
                  | Dex+4}
 11169 | D:7      | Noticed a komodo dragon
 11169 | D:7      | Noticed a brown ugly thing
 11169 | D:7      | Noticed a gargoyle
 11169 | D:7      | Noticed a two-headed ogre
 11170 | D:7      | XOM: enchant monster (good)
 11176 | D:7      | Killed a two-headed ogre
 11177 | D:7      | Reached XP level 10. HP: 63/63 MP: 0/0
 11180 | D:7      | XOM: cast spell 'Summon Mana Viper'
 11198 | D:7      | Killed a brown ugly thing
 11199 | D:7      | Reached skill level 1 in Shields
 11206 | D:7      | XOM: butterfly on damage
 11207 | D:7      | XOM: noise
 11209 | D:7      | XOM: cast spell 'Cause Fear'
 11212 | D:7      | XOM: confuse monster(s)
 11262 | D:7      | XOM: confuse monster(s)
 11263 | D:7      | Killed from afar by a gargoyle

Illustrated notes

Levels and vault maps discovered:
D:1:      scummos_arrival_hexagon, layout_basic
D:2:      layout_loops_cross, uniq_sigmund
D:3:      layout_basic, uniq_jessica, uniq_crazy_yiuf_cottage, uniq_grinder
D:4:      layout_cave_pools, minmay_misc_feat_x
D:5:      layout_basic, nicolae_elyvilon_peaceful_grove
D:6:      cheibrodos_quashed, layout_rooms, nemelex_spade_bored_becter,
          gup_sewer_entry_bowl, nicolae_wooded_promenade,
          minmay_fractal_squares_diagonal_5, uniq_duvessa
D:7:      minmay_the_grid_octo_tiled_octocenter [minmay_the_grid_octo_toaster,
          minmay_the_grid_octo_tetromino_candy, minmay_the_grid_octo_pinwheel,
          minmay_the_grid_octo_clover, minmay_the_grid_octo_prize_big_c,
          minmay_the_grid_square_5x5_tie,
          minmay_the_grid_square_5x5_doubleslash, minmay_the_grid_square_5x5_n,
          minmay_the_grid_square_5x5_tri_point], layout_cave_pools,
          nicolae_ru_awakened_eye, temple_statues

Skill      XL: |  1  2  3  4  5  6  7  8  9 10 |
---------------+-------------------------------+-----
Long Blades    | 3 4 5 7 |  7.9
Armour         | 2 3 4 5 6 |  6.7
Spellcasting   | 1 2 3 |  3.8
Conjurations   | 1 2 3 |  3.8
Hexes          | 1 2 3 |  3.8
Summonings     | 1 2 3 |  3.8
Necromancy     | 1 2 3 |  3.8
Translocations | 1 2 3 |  3.8
Fire Magic     | 1 2 3 |  3.8
Ice Magic      | 1 2 3 |  3.8
Air Magic      | 1 2 3 |  3.8
Earth Magic    | 1 2 3 |  3.8
Alchemy        | 1 2 3 |  3.8
Dodging        | 3 4 5 6 |  6.4
Fighting       | 4 5 |  5.4
Evocations     | 3 |  3.5
Shields        | 1 |  1.1

Action                     |  1- 3 |  4- 6 |  7- 9 | 10-12 || total
---------------------------+-------+-------+-------+-------++-------
  Melee: Falchion          |    56 |    89 |   342 |    20 ||   507
         Punch             |     2 |     3 |     6 |       ||    11
   Cast: Shock             |       |    11 |     1 |     3 ||    15
         Static Discharge  |       |     6 |    13 |     1 ||    20
         Mephitic Cloud    |       |       |     6 |       ||     6
  Evoke: Wand              |       |       |       |     7 ||     7
    Use: Scroll            |     1 |       |     5 |       ||     6
         Potion            |     1 |       |       |       ||     1
   Stab: Confused          |     2 |       |     5 |     1 ||     8
         Petrified         |       |     3 |       |       ||     3
         Sleeping          |       |     2 |     2 |       ||     4
         Paralysed         |       |       |     2 |       ||     2
 Armour: Leather armour    |    55 |    65 |   188 |       ||   308
         Troll leather arm |       |       |    45 |     9 ||    54
  Dodge: Dodged            |    46 |    62 |   291 |     7 ||   406
  Block: Other             |       |       |    14 |     3 ||    17
